 Dungeon Crawl Stone Soup version 0.30-a0-358-g0d69a1922f (webtiles) character file.

Game seed: 1421644929418936612

8 gamesnag the Chopper (level 2, -2/24 HPs)
             Began as a Human Berserker on Nov 8, 2022.
             Was a Follower of Trog.
             Slain by a kobold
             ... wielding a +2 dagger of venom
              (6 damage)
             ... on level 1 of the Dungeon.
             The game lasted 00:02:41 (186 turns).

gamesnag the Chopper (Human Berserker)               Turns: 186, Time: 00:02:48

Health: -2/24      AC:  2    Str: 17    XL:     2   Next: 15%
Magic:  2/2        EV: 12    Int:  7    God:    Trog [*.....]
Gold:   19         SH:  0    Dex: 12    Spells: 1/1 levels left

rFire   . . .      SeeInvis .    a - +0 hand axe
rCold   . . .      Faith    .    (no shield)
rNeg    . . .      Spirit   .    b - +0 animal skin
rPois   .          Reflect  .    (no helmet)
rElec   .          Harm     .    (no cloak)
rCorr   .          Rampage  .    (no gloves)
Will    .....                    (no boots)
Stlth   +.........               (no amulet)
HPRegen 0.24/turn                (no ring)
MPRegen 0.08/turn                (no ring)

@: lethally poisoned (-2 -> -3)
A: no striking features
a: Renounce Religion, Berserk


You were on level 1 of the Dungeon.
You worshipped Trog.
Trog was aware of your devotion.
You visited 1 branch of the dungeon, and saw 1 of its levels.

You collected 19 gold pieces.

Inventory:

Hand Weapons
 a - a +0 hand axe (weapon)
Armour
 b - a +0 animal skin (worn)
Jewellery
 d - an amulet of reflection
Potions
 c - a potion of curing {unknown}


   Skills:
 + Level 3.2 Fighting
 + Level 3.2 Axes
 + Level 2.0 Armour
 + Level 2.0 Dodging


You had one spell level left.
You didn't know any spells.
Your spell library was empty.

Dungeon Overview and Level Annotations

Branches:
Dungeon (1/15)

Altars:


Message History

The ball python bites you. The ball python constricts you.
There are monsters nearby!
There are monsters nearby!
There are monsters nearby!
There are monsters nearby!
There are monsters nearby!
You are too injured to fight recklessly!
You are too injured to fight recklessly!
You are too injured to fight recklessly!
You are too injured to fight recklessly!
You are too injured to fight recklessly!
You are too injured to fight recklessly!
You are too injured to fight recklessly!
You are too injured to fight recklessly!
You are too injured to fight recklessly!
There are monsters nearby!
There are monsters nearby!
You are too injured to fight recklessly!
There are monsters nearby!
There are monsters nearby!
You escape the ball python's grasp.
You feel sick.
You hit the kobold.
The kobold is heavily wounded.
You feel sick. The kobold completely misses you.
The ball python closely misses you. The ball python barely misses you.
You closely miss the kobold.
The kobold is heavily wounded.
You hit the ball python.
You kill the ball python!
Trog accepts your kill.
You feel sick. The kobold closely misses you.
You feel sick.
You feel sick.
You barely miss the kobold.
The kobold is heavily wounded.
You feel sick.
The kobold hits you with a +2 dagger of venom.
* * * LOW HITPOINT WARNING * * *
The kobold hits you with a +2 dagger of venom.
You die...

##.####.........#
#........####.#.###....
#...(....####.. .......
###.)..................#
#...........####.#.....#.
#...................>....
#..........#[####........
#.................†.....:
#.....†.......@K.........
#........#.###!..........
#........#.# ###.....>..>
#..........# ##........
#........### #........
#........# #..(.....
##......## #........
######## #........


You could see a kobold.

Vanquished Creatures
  A bat (D:1)
  2 endoplasms (D:1)
  A goblin (D:1)
  A hobgoblin (D:1)
  A ball python (D:1)
  A frilled lizard (D:1)
7 creatures vanquished.

Notes
Turn   | Place    | Note
-------+----------+-------------------------------------------
     0 | D:1      | gamesnag the Human Berserker began the quest for the Orb.
     0 | D:1      | Reached XP level 1. HP: 18/18 MP: 1/1
   177 | D:1      | Reached XP level 2. HP: 21/24 MP: 2/2
   186 | D:1      | Slain by a kobold

Illustrated notes

Levels and vault maps discovered:
D:1:      doesnt_arrival_eight_statues, layout_rooms

Action                   || total
-------------------------++-------
Melee: Hand axe          ||    20
Armor: Animal skin       ||    11
Dodge: Dodged            ||    26

Table legend: (Time is in decaauts)
 A = Elapsed time spent in this place.
 B = Non-inter-level travel time spent in this place.
 C = Inter-level travel time spent in this place.
 D = Time resting spent in this place.
 E = Time spent auto-exploring this place.
 F = Levels seen in this place.
 G = Mean time per level.
                   A        B        C        D        E       F      G
               +--------+--------+--------+--------+--------+-----+--------+
         Total |    188 |    177 |     11 |     12 |     53 |   1 |  188.0 |
       Dungeon |    188 |    177 |     11 |     12 |     53 |   1 |  188.0 |
               +--------+--------+--------+--------+--------+-----+--------+

Top non-repeatable levels by time:
     D:1: 188 daAuts
